 Dungeon Crawl Stone Soup version 0.27.1-2-g3b301248ec (webtiles) character file.

Game seed: 14202379056350060439

445 Borgoz the Cudgeller (level 7, -4/44 HPs)
             Began as a Gargoyle Gladiator on Sept 28, 2021.
             Killed from afar by Dowan (5 damage)
             ... with a puff of flame
             ... on level 4 of the Dungeon.
             The game lasted 00:03:45 (3491 turns).

Borgoz the Cudgeller (Gargoyle Gladiator)           Turns: 3491, Time: 00:03:45

Health: -4/44      AC: 10    Str: 18    XL:     7   Next: 3%
Magic:  0/7        EV: 12    Int:  8    God:
Gold:   97         SH:  0    Dex: 13    Spells: 6/6 levels left

rFire    + . .     SeeInvis .   a - +0 flail
rCold    + . .     Faith    .   (no shield)
rNeg     + . .     Spirit   +   b - +0 leather armour
rPois    ∞         Reflect  .   c - +1 helmet
rElec    +         Harm     .   (no cloak)
rCorr    +         Rampage  .   (no gloves)
Will     .....                  (no boots)
Stlth    +.........             g - amulet of guardian spirit
HPRegen  0.14/turn              e - ring of resist corrosion
MPRegen  0.10/turn              (no ring)

@: resistant
A: sickness immunity, AC +4, negative energy resistance 1, electricity
resistance, torment resistance 1, petrification resistance
a: no special abilities


You were on level 4 of the Dungeon.
You visited 1 branch of the dungeon, and saw 4 of its levels.

You collected 97 gold pieces.

Inventory:

Hand Weapons
 a - a +0 flail (weapon)
Armour
 b - a +0 leather armour (worn)
 c - a +1 helmet (worn)
Jewellery
 e - a ring of resist corrosion (left hand)
 g - an amulet of guardian spirit (around neck)
Potions
 d - a potion of mutation


   Skills:
 * Level 4.4 Fighting
 * Level 4.6 Maces & Flails
 - Level 1.8 Throwing
 * Level 3.5 Armour
 * Level 3.7 Dodging


You had 6 spell levels left.
You didn't know any spells.
Your spell library contained the following spells:

 Spells                   Type           Power      Damage    Failure   Level
 Shock                    Conj/Air       0%         1d3       45%         1
 Swiftness                Air            0%         N/A       83%         3
 Airstrike                Air            0%         N/A       99%         4


Dungeon Overview and Level Annotations

Branches:
Dungeon (4/15)
 Temple: D:4-7

Altars:
Cheibriados

Shops:
D:2 (!   D:4 :

Annotations:
D:4 Dowan, Duvessa


Innate Abilities, Weirdness & Mutations

You are immune to sickness and miasma.
Your stone body is resilient. (AC +4)
You are immune to poison.
You resist negative energy. (rN+)
You are resistant to electric shocks. (rElec)
You are resistant to unholy torment.
You are immune to petrification.


Message History

You aren't carrying any scrolls.
You thump the phantom!
The phantom is heavily damaged.
The phantom closely misses you.
You sock the phantom!
The phantom is almost destroyed.
The phantom barely misses you.
You closely miss the phantom.
The phantom is almost destroyed.
Duvessa hits you with a +0 short sword.
* * * LOW HITPOINT WARNING * * *
The phantom closely misses you.
You sock the phantom!
You destroy the phantom!
You have reached level 7!
Throw: throwing net
Press: ? - help, Q - select action Shift-Dir - straight line, f - Duvessa
Aim: Duvessa, wielding a +0 short sword and wearing a +0 ring mail (severely wounded, 67% to hit)
You throw a throwing net. The throwing net barely misses Duvessa.
Duvessa barely misses you. Dowan closely misses you.
Okay, then.
You aren't carrying any scrolls.
You closely miss Duvessa.
Duvessa is severely wounded.
Duvessa hits you with a +0 short sword.
* * * LOW HITPOINT WARNING * * *
Dowan casts a spell at you.
The puff of flame hits you but does no damage.
You resist.
You hit Duvessa but do no damage.
Duvessa is severely wounded.
Duvessa barely misses you.
Dowan points at you and mumbles some strange words.
The puff of flame misses you.
You completely miss Duvessa.
Duvessa is severely wounded.
Duvessa barely misses you. Dowan gestures at you while chanting.
The puff of flame hits you. You resist.
You die...

########≈≈≈.≈≈≈###.##...
##≈≈.≈≈..........
#####.###...#...
#.##.#.#..#.
#...........
#.##.#.#>.## #. e§
##...#.## #...#### #.
##...... #(...e@# ##.
####.#.## #..###e##.##.
#.......#
#.##.##.##.#####.#
#..###.......##.# #.#
#.........##....# #..
....############.# #.#
## #.#####.# #.......#
###..####


You could see Duvessa and Dowan.

Vanquished Creatures
  Sigmund (D:3)
  A phantom (D:4)
  A water moccasin skeleton (D:4)
  A hound (D:4)
  3 gnolls (D:2)
  5 adders
  A worm (D:2)
  A dart slug (D:1)
  2 orcs
  7 ball pythons
  4 bats
  2 endoplasms
  3 giant cockroaches (D:1)
  8 goblins
  4 hobgoblins
  3 jackals (D:2)
  4 quokkas
  4 frilled lizards
  8 kobolds
  5 rats
68 creatures vanquished.

Notes
Turn   | Place    | Note
-------+----------+-------------------------------------------
     0 | D:1      | Borgoz the Gargoyle Gladiator began the quest for the Orb.
     0 | D:1      | Reached XP level 1. HP: 12/12 MP: 1/1
    61 | D:1      | Reached XP level 2. HP: 17/18 MP: 2/2
   701 | D:2      | Reached skill level 1 in Armour
   731 | D:2      | Reached XP level 3. HP: 22/22 MP: 3/3
  1113 | D:2      | Reached XP level 4. HP: 22/27 MP: 4/4
  1782 | D:2      | Found Foceilam's Weapon Shoppe.
  1978 | D:2      | Found Lugenut's Distillery.
  2231 | D:3      | Reached XP level 5. HP: 17/32 MP: 2/5
  2537 | D:3      | Noticed Sigmund
  2599 | D:3      | Killed Sigmund
  2600 | D:3      | Reached XP level 6. HP: 10/38 MP: 2/6
  2881 | D:3      | Found a faded altar of an unknown god.
  2915 | D:3      | Found a snail-covered altar of Cheibriados.
  3285 | D:4      | Found Utag's Self-Improvement Boutique.
  3464 | D:4      | Noticed Duvessa
  3464 | D:4      | Noticed Dowan
  3488 | D:4      | Reached XP level 7. HP: 6/44 MP: 1/7
  3489 | D:4      | HP: 1/44 [Duvessa (5)]
  3491 | D:4      | Killed from afar by Dowan

Illustrated notes

Levels and vault maps discovered:
D:1:      mrwooster_arrival_statue_2, layout_basic, st_stairs_1
D:2:      layout_basic, serial_shops, nicolae_square_shop, shop,
          serial_co_window_serial, co_window_paths_a, co_window_paths_a,
          co_window_corner_a, co_window_of_opportunity_a, co_window_paths_a,
          co_window_paths_a, co_window_paths_a, co_window_2corner,
          co_window_broadway_b, co_window_cross_2, co_window_paths_d,
          co_window_paths_e
D:3:      layout_rooms, nicolae_overflow_crystal_walls,
          dreamdust_ecumenical_altar_angels_and_demons, uniq_sigmund
D:4:      layout_loops_ring, nicolae_shop_self_help, uniq_blork_the_orc,
          uniq_duvessa

Skill      XL: |  1  2  3  4  5  6 |
---------------+-------------------+-----
Armour         | 1 2 3 |  3.5
Fighting       | 3 4 |  4.4
Dodging        | 3 |  3.7
Maces & Flails | 4 |  4.6
Throwing       | |  1.8

Action                   |  1- 3 |  4- 6 |  7- 9 || total
-------------------------+-------+-------+-------++-------
Melee: Flail             |    76 |   200 |     3 ||   279
Throw: Throwing net      |       |     3 |     1 ||     4
  Use: Scroll            |       |     6 |       ||     6
       Potion            |       |     4 |       ||     4
 Stab: Held in net/web   |       |     1 |       ||     1
Armor: Leather armour    |    28 |    92 |       ||   120
Dodge: Dodged            |    52 |   126 |     5 ||   183
